Description

Default Maru based build from a gold player. I do it for myself.

Build Order

Get SALT Encoding   

  14  0:17  Supply Depot  
  15  0:29  Refinery  
  16  0:44  Barracks  
  19  1:31  Orbital Command  
  19  1:32  Reaper  
  20  1:48  Command Center  
  20  2:00  Factory  
  21  2:06  Refinery  
  21  2:13  Barracks Reactor  
  22  2:20  Supply Depot  
  23  2:45  Marine x2  
  23  2:46  Starport  
  27  2:59  Cyclone  
  30  3:08  Orbital Command  
  30  3:16  Marine x2  
  33  3:23  Medivac  
  34  3:25  Supply Depot  
  35  3:42  Cyclone  
  40  3:51  Marine x2  
  42  3:53  Starport Tech Lab  
  43  4:03  Barracks  
  43  4:06  Supply Depot  
  45  4:15  Engineering Bay  
  45  4:16  Stimpack  
  45  4:22  Barracks  
  45  4:32  Refinery x2  
  47  4:34  Terran Infantry Weapons Level 1, Factory Tech Lab  
  52  4:54  Factory Tech Lab  
  52  4:58  Combat Shields  
  54  5:10  Supply Depot x2  
  64  5:28  Engineering Bay  
  84  6:29  Terran Infantry Armor Level 1  
  90  6:45  Barracks x2  
  122  8:11  Terran Infantry Weapons Level 2, Terran Infantry Armor Level 2  
Spawning Tool Build Advisor. Get it on Overwolf

Go to:

Details

  • Created by: Quazerd
  • Published on: Mar 14, 2018
  • Modified on: Mar 15, 2018
  • Patch: 4.0.0
  • Difficulty: Easy
Show
View Real Time Build Order
Export as new Build Order

Comments (0)

There are no comments. Be the first!

Create an account to comment!